 Seeded DCSS version 0.29-a0-923-g6e406bff71 (webtiles) character file.

Game seed: 20220728 (custom seed)

493 purpskrrrp the Covert (level 7, -2/36 HPs)
             Began as a Vine Stalker Delver on July 28, 2022.
             Succumbed to a scorpion's poison
             ... on level 4 of the Dungeon.
             The game lasted 00:09:46 (3306 turns).

purpskrrrp the Covert (Vine Stalker Delver)         Turns: 3306, Time: 00:09:46

Health: -2/36      AC:  4    Str: 15    XL:     7   Next: 15%
Magic:  0/8        EV: 12    Int: 10    God:
Gold:   173        SH:  0    Dex: 17    Spells: 6/6 levels left

rFire   . . .      SeeInvis .   d - +2 quick blade (freeze)
rCold   . . .      Faith    .   (no shield)
rNeg    . . .      Spirit   +   b - +0 leather armour
rPois   .          Reflect  .   p - +0 helmet
rElec   .          Harm     .   (no cloak)
rCorr   .          Rampage  .   (no gloves)
Will    .....                   (no boots)
Stlth   ++++......              (no amulet)
HPRegen 0.92/turn               (no ring)
MPRegen 0.11/turn               (no ring)

@: lethally poisoned (-2 -> -15)
A: fangs 2, regeneration 1, magic shield, antimagic bite, no potion heal 2
a: no special abilities


You were on level 4 of the Dungeon.
You visited 1 branch of the dungeon, and saw 5 of its levels.

You collected 713 gold pieces.
You spent 540 gold pieces at shops.

Inventory:

Hand Weapons
 a - a +0 short sword
 d - a +2 quick blade of freezing (weapon)
Missiles
 h - 6 boomerangs (quivered)
 r - 3 javelins
Armour
 b - a +0 leather armour (worn)
 p - a +0 helmet (worn)
Wands
 f - a wand of roots (8)
 g - a wand of digging (7)
 u - a wand of charming (10)
Scrolls
 c - 2 scrolls of fog
 e - 2 scrolls of fear
 i - 6 scrolls of identify {unknown}
 k - a scroll of immolation {unknown}
 m - 2 scrolls of blinking {unknown}
 n - a scroll of amnesia {unknown}
 o - 2 scrolls of enchant armour {unknown}
 q - 2 scrolls of magic mapping
 s - 2 scrolls of silence {unknown}
 t - a scroll of teleportation {unknown}
Potions
 j - a potion of invisibility {unknown}
 l - 3 potions of heal wounds


   Skills:
 + Level 3.2 Fighting
 * Level 4.0 Short Blades
 - Level 0.2 Armour
 + Level 2.1 Dodging
 * Level 9.3 Stealth


You had 6 spell levels left.
You didn't know any spells.
Your spell library was empty.

Dungeon Overview and Level Annotations

Branches:
Dungeon (5/15)
 Temple: D:4-7

Altars:
Trog

Shops:
D:5 [(

Annotations:
D:3 3 runed translucent doors, osoart's ghost, amateur DrBe


Innate Abilities, Weirdness & Mutations

You have extremely sharp teeth.
Your natural rate of healing is unusually fast.
When hurt, damage is shared between your health and your magic reserves.
Your bite disrupts and absorbs the magic of your enemies.
Potions cannot restore your health.


Message History

The scorpion poisons you!
You hit the scorpion. You freeze the scorpion. You bite the scorpion.
You drain its power.
You feel invigorated.
The scorpion is heavily wounded.
You feel sick.
You hit the scorpion. You freeze the scorpion.
The scorpion is heavily wounded.
You feel sick. The scorpion stings you.
You are lethally poisoned!
The scorpion poisons you!
It was a potion of heal wounds.
That seemed strangely inert.
* * * LOW HITPOINT WARNING * * *
You feel very sick. The scorpion stings you.
* * * LOW HITPOINT WARNING * * *
Okay, then.
You hit the scorpion but do no damage.
You bite the scorpion, but do no damage.
The scorpion is heavily wounded.
* * * LOW HITPOINT WARNING * * *
You feel sick. The scorpion closely misses you.
You hit the scorpion but do no damage. You bite the scorpion.
You drain its power.
You feel invigorated.
The scorpion is severely wounded.
* * * LOW HITPOINT WARNING * * *
You feel sick.
You hit the scorpion but do no damage.
The scorpion is severely wounded.
* * * LOW HITPOINT WARNING * * *
You feel sick. The scorpion stings you.
* * * LOW HITPOINT WARNING * * *
You closely miss the scorpion.
The scorpion is severely wounded.
* * * LOW HITPOINT WARNING * * *
You feel sick. The scorpion stings you.
You are more poisoned.
The scorpion poisons you!
You completely miss the scorpion.
The scorpion is severely wounded.
You die...

###### #....).# #... ..+
#.. ..# ########## #'##
..# .........#
######..##..# .........#
#....#......# .........#
#....#......# .........#
#...@sK.....#
.........######'##..##..#
####.............#+## ..#
...#.............# ....
#..#.)...........# .....
#..#)............#
......#..
#..'.............#
......#....
+..#.............#
......#.J..
####.............# ....


You could see a scorpion and a kobold.

Vanquished Creatures
  Eustachio (D:4)
  An acid dragon (D:4)
  An orc priest (D:4)
  A hound (D:5)
  An iguana (D:4)
  An orc wizard (D:4)
  3 gnolls (D:2)
  5 adders
  7 orcs
  3 bats
  5 endoplasms
  3 giant cockroaches
  4 goblins
  7 hobgoblins
  4 kobolds
  2 quokkas
  4 ball pythons
  3 rats
56 creatures vanquished.

Vanquished Creatures (others)
  4 fungi (D:3)
4 creatures vanquished.

Grand Total: 60 creatures vanquished

Notes
Turn   | Place    | Note
-------+----------+-------------------------------------------
     0 | D:5      | purpskrrrp the Vine Stalker Delver began the quest for the
                  | Orb.
     0 | D:5      | Reached XP level 1. HP: 11/11 MP: 2/2
    21 | D:5      | Identified a scroll of acquirement
    21 | D:5      | Acquired 561 gold pieces
    41 | D:5      | Noticed a scorpion
    52 | D:5      | Noticed a hound
    54 | D:5      | Found Hisiniz's Antique Weapon Boutique.
    65 | D:5      | Bought a runed quick blade for 540 gold pieces
    75 | D:5      | Killed a hound
    76 | D:5      | Reached XP level 2. HP: 14/16 MP: 1/3
    76 | D:5      | Reached XP level 3. HP: 16/19 MP: 1/4
   142 | D:5      | Found Ygguceiluo's Armour Shop.
   211 | D:3      | Reached skill level 7 in Stealth
   907 | D:1      | Found a faded altar of an unknown god.
  1759 | D:2      | Gained mutation: Your natural rate of healing is unusually
                  | fast. [Vine Stalker growth]
  1759 | D:2      | Reached XP level 4. HP: 23/23 MP: 5/5
  2397 | D:3      | Noticed a kobold brigand
  2398 | D:3      | Noticed osoart's ghost (amateur DrBe)
  2402 | D:3      | Found a runed translucent gate.
  2402 | D:3      | Found a runed translucent gate.
  2403 | D:3      | Found a runed translucent gate.
  2644 | D:3      | Reached XP level 5. HP: 28/28 MP: 6/6
  2878 | D:4      | Noticed an acid dragon
  2880 | D:4      | Killed an acid dragon
  2881 | D:4      | Reached skill level 8 in Stealth
  2881 | D:4      | Reached XP level 6. HP: 32/32 MP: 7/7
  2950 | D:4      | Found a bloodstained altar of Trog.
  3052 | D:4      | Noticed Eustachio
  3080 | D:4      | Killed Eustachio
  3081 | D:4      | Reached skill level 9 in Stealth
  3158 | D:4      | Reached XP level 7. HP: 25/36 MP: 5/8
  3304 | D:4      | HP: 1/36 [scorpion (2)]
  3306 | D:4      | Succumbed to a scorpion's poison

Illustrated notes

Levels and vault maps discovered:
D:1:      dpeg_arrival_erosion, layout_basic, ebering_ecumenical_altar_abandoned
D:2:      layout_basic
D:3:      layout_loops_ring, gammafunk_ghost_nasty_kobolds
D:4:      layout_gridville, lemuel_tele_altar, st_stairs_3, uniq_eustachio
D:5:      minmay_evil_eye, layout_basic, serial_shops, nicolae_diamond_shop,
          shop_fountains, shop, shop, nicolae_shop_advertising_works
          [nicolae_subvault_shop_adworks]

Skill      XL: |  1  2  3  4  5  6  7 |
---------------+----------------------+-----
Short Blades   | 2 3 4 |  4.0
Stealth        | 7 8 9 |  9.3
Fighting       | 3 |  3.2
Dodging        | 2 |  2.1
Armour         | |  0.2

Action                   |  1- 3 |  4- 6 |  7- 9 || total
-------------------------+-------+-------+-------++-------
Melee: Quick blade       |    54 |   125 |    27 ||   206
       Bite              |     9 |    36 |    12 ||    57
  Use: Scroll            |     3 |       |       ||     3
       Potion            |     1 |       |     1 ||     2
 Stab: Sleeping          |     7 |     7 |       ||    14
Armor: Leather armour    |     6 |    30 |     2 ||    38
Dodge: Dodged            |    20 |    60 |     8 ||    88

Table legend: (Time is in decaauts)
 A = Elapsed time spent in this place.
 B = Non-inter-level travel time spent in this place.
 C = Inter-level travel time spent in this place.
 D = Time resting spent in this place.
 E = Time spent auto-exploring this place.
 F = Levels seen in this place.
 G = Mean time per level.
                   A        B        C        D        E       F      G
               +--------+--------+--------+--------+--------+-----+--------+
         Total |   3195 |   3177 |     18 |    297 |   2206 |   5 |  639.0 |
       Dungeon |   3195 |   3177 |     18 |    297 |   2206 |   5 |  639.0 |
               +--------+--------+--------+--------+--------+-----+--------+

Top non-repeatable levels by time:
     D:1: 1110 daAuts
     D:2: 855 daAuts
     D:3: 676 daAuts
     D:4: 394 daAuts
     D:5: 159 daAuts
